 Dungeon Crawl Stone Soup version 0.28-a0-401-ge240ad9e29 (webtiles) character file.

Game seed: 15457528247989373629

12173 olmar the Cruncher (level 12, -4/90 HPs)
             Began as a Djinni Venom Mage on Sept 3, 2021.
             Was a Priest of Ashenzari.
             Slain by a death scarab (22 damage)
             ... in a Gauntlet on Sept 4, 2021.
             The game lasted 00:46:47 (15187 turns).

olmar the Cruncher (Djinni Venom Mage)             Turns: 15187, Time: 00:46:47

Health: -4/90      AC: 12    Str: 10    XL:     12   Next: 16%
Gold:   711        EV: 31    Int: 19    God:    Ashenzari [***...] SH:  0 Dex: 14

rFire   + + +      SeeInvis +   f - +4 quarterstaff (chaos)
rCold   . . .      Faith    .   (shield currently unavailable)
rNeg    . . .      Spirit   .   w - +2 leather armour "Prophetic Entitlement" {rF+, Fort, Self} (curse)
rPois   ∞          Reflect  .   (no helmet)
rElec   .          Harm     .   k - +1 cloak of the Bound Morning Star {Range, Evo} (curse)
rCorr   .          Rampage  .   (no gloves)
Will    +....      Clarity  +   (boots unavailable) Stlth ++........NoTele +
                                o - amulet of Ashenzari's Liberalism {Acrobat, Range, Melee} (curse)
HPRegen 0.25/turn               c - ring of Curses and Power {AC+4, Fort, Self} (curse)
MPRegen 0.00/turn               t - ring of the Fated the Ego {rC+, Cun, Melee} (curse)

@: acrobatic, flying, slowed, very slow
A: sickness immunity, fire resistance 2, cold vulnerability 1, float, innate
caster, hp casting, extra vitality 1, subdued magic 1
a: Renounce Religion, Shatter the Chains


You were in a Gauntlet.
You worshipped Ashenzari.
Ashenzari was most pleased with you.
You visited 2 branches of the dungeon, and saw 12 of its levels.
You also visited: Gauntlet.

You collected 750 gold pieces.
You spent 39 gold pieces at shops.

Inventory:

Hand Weapons
 f - a +4 quarterstaff of chaos (weapon)
 h - a +0 dagger
 s - the +8 Wrath of Trog {antimagic, *Rage Rampage}
   (You took it off an orc wizard on level 7 of the Dungeon)

   It reduces the magical energy of the wielder, and disrupts the spells and
   magical abilities of those it strikes.
   Natural abilities and divine invocations are not affected.
   It causes slowness and exhaustion when equipped.
   It extends the wielder's berserk rage when killing foes.
   *Rage:     It may make you go berserk in combat.
   Rampage:   It bestows one free step when moving towards enemies.
Missiles
 p - a throwing net
 r - 77 poisoned darts
 y - a curare-tipped dart
Armour
 a - a +0 robe
 d - +0 acid dragon scales
 j - the +2 leather armour of Card Tricks {Contam MP+9 Stlth+}
   (You found it on level 7 of the Dungeon)

   MP:        It affects your magic capacity (+9).
   Contam:    It causes magical contamination when unequipped.
   Stlth:     It makes you more stealthy.
 k - the cursed +1 cloak of the Bound Morning Star (worn) {Range, Evo}
   (You found it on level 2 of the Dungeon)

   It has a curse which improves the following skills: Ranged Combat: Slings,
   Bows, Crossbows and Throwing.
   Evocations: Evocations.
 w - the cursed +2 leather armour "Prophetic Entitlement" (worn) {rF+, Fort, Self}
   (You found it on level 4 of the Dungeon)

   It has a curse which improves the following skills: Fortitude: Armour and
   Shields.
   Introspection: Fighting and Spellcasting.
Jewellery
 c - the cursed ring of Curses and Power (left hand) {AC+4, Fort, Self}
   (You found it on level 1 of the Dungeon)

   [ring of protection]

   AC:        It affects your AC (+4).
   It has a curse which improves the following skills: Fortitude: Armour and
   Shields.
   Introspection: Fighting and Spellcasting.
 l - a ring of protection from fire
 o - the cursed amulet of Ashenzari's Liberalism (around neck) {Acrobat, Range, Melee}
   (You found it on level 2 of the Dungeon)

   [amulet of the acrobat]

   It increases your evasion while moving and waiting.
   It has a curse which improves the following skills: Ranged Combat: Slings,
   Bows, Crossbows and Throwing.
   Melee Combat: Short Blades, Long Blades, Axes, Maces & Flails, Polearms,
   Staves and Unarmed Combat.
 t - the cursed ring of the Fated the Ego (right hand) {rC+, Cun, Melee}
   (You found it on level 3 of the Dungeon)

   [ring of protection from cold]

   rC:        It protects you from cold.
   It has a curse which improves the following skills: Cunning: Dodging and
   Stealth.
   Melee Combat: Short Blades, Long Blades, Axes, Maces & Flails, Polearms,
   Staves and Unarmed Combat.
 C - a ring of protection from fire
 L - a ring of see invisible
 M - a +6 ring of strength
Wands
 v - a wand of digging (3)
 H - a wand of flame (13)
 J - a wand of acid (8)
 P - a wand of paralysis (6)
Scrolls
 b - 3 scrolls of torment
 e - a scroll of vulnerability
 g - 7 scrolls of identify
 i - a scroll of immolation
 m - 2 scrolls of fog
 n - 5 scrolls of amnesia
 q - 3 scrolls of teleportation
 x - a scroll of noise
 B - a scroll of enchant weapon
 I - a scroll of brand weapon
 K - a scroll of blinking
 N - a scroll of silence
 O - a scroll of enchant armour
Potions
 u - 3 potions of mutation
 z - a potion of brilliance
 A - 2 potions of lignification
 F - 2 potions of heal wounds
 G - 2 potions of attraction
Miscellaneous
 D - a piece from Xom's chessboard (15/15)
 E - a piece from Xom's chessboard (15/15)


   Skills:
 + Level 6.4(9.4) Fighting
 - Level 0.1(0.5) Axes
 + Level 10.2(12.9) Staves
 + Level 4.9(7.8) Armour
 + Level 8.2(10.1) Dodging
 - Level 1.6(3.0) Stealth
 + Level 8.2(11.1) Spellcasting
 - Level 0.1(0.3) Evocations


You had 10 spell levels left.
You knew the following spells:

 Your Spells              Type           Power      Damage    Failure   Level
a - Sting                 Tmut/Pois      100%       1d8       1%          1
b - Poisonous Vapours     Pois/Air       80%        N/A       1%          2
c - Mephitic Cloud        Conj/Pois/Air  40%        N/A       1%          3
d - Olgreb's Toxic Radia  Pois           40%        N/A       1%          4
e - Summon Small Mammal   Summ           100%       N/A       1%          1
f - Corpse Rot            Necr/Air       N/A        N/A       1%          2
g - Call Imp              Summ           40%        N/A       1%          2
h - Teleport Other        Tloc           40%        N/A       1%          3
i - Blade Hands           Tmut           20%        N/A       1%          5
Your spell library was empty.

Dungeon Overview and Level Annotations

Branches:
Dungeon (11/15)            Temple (1/1) D:5            Lair (0/6) D:8
Gauntlet (1/1)
    Orc: D:9-12

Altars:
Ashenzari
Cheibriados
Dithmenos
Elyvilon
Fedhas
Gozag
Hepliaklqana
Kikubaaqudgha
Makhleb
Nemelex Xobeh
Okawaru
Qazlal
Ru
Sif Muna
Trog
Uskayaw
Vehumet
Wu Jian
Xom
Yredelemnul
Zin
The Shining One

Shops:
D:3 ?   D:9 (*

Annotations:
Gauntlet 9 transporters, exclusion: oklob plant


Innate Abilities, Weirdness & Mutations

You are immune to sickness and miasma.
You are immune to poison.
Your flesh is very heat resistant. (rF++)
You are vulnerable to cold. (rC-)
You float through the air rather than walking.
You learn spells naturally, not from books.
Your magical power is your life essence.
You have superior vitality. (+4 HP)
Your spells are a little easier to cast, but a little less powerful.


Message History

The spectral black mamba enters a dispersal trap!
You blink.
The death scarab closely misses you. The death scarab completely misses you.
The death scarab closely misses you. The death scarab barely misses you.
Unknown command.
The death scarab misses you.
You hit the death scarab but do no damage.
The death scarab closely misses you. The death scarab bites you!!
* * * LOW HITPOINT WARNING * * *
Unknown command.
Unknown command.
You feel much better.
The death scarab bites you but does no damage.
Unknown command.
The death scarab closely misses you. The death scarab bites you!!
* * * LOW HITPOINT WARNING * * *
The death scarab drains your vigour!
You feel as though you will be slow longer.
You see here a staff of conjuration.
Unknown command.
Aiming: Paralyse
Press: ? - help, Shift-Dir - straight line, f - death scarab
Aim: a death scarab (chance to affect: 16%)
Okay, then.
You feel much better.
The death scarab bites you but does no damage.
The death scarab bites you! The death scarab drains your vigour!
You feel as though you will be slow longer.
Okay, then.
Aiming: Paralyse
Press: ? - help, Shift-Dir - straight line, f - death scarab
Aim: a death scarab (chance to affect: 16%)
The death scarab resists with almost no effort.
The death scarab closely misses you. The death scarab bites you!!
* * * LOW HITPOINT WARNING * * *
Unknown command.
Unknown command.
Unknown command.
The death scarab bites you!!
You die...

##≈....#©.........©#....
##.#########.#########.
##≈.#..##...#.#......3#.
#≈≈.#.§.##..#.#.####.5#.
##≈.#.#§Z##.#.#5#5..#.#.
##.#.##{{#.#.#5#.©.#.#.
##≈.#..##.§.#.#3#...#.#.
#≈≈.#..)##..#.#..####.#.
##≈.#.B@©##§#.#.?.©=..#.
##.###################.
##≈....#©.........©#....
#≈≈..8.#.8.8.8.8.8.#.8..
##≈....#©.........©#....
##.#########.#########.
##≈.#ZZZ....#.#5.5...p#.
#≈≈.#..####.#.#....#55#.
##≈.#.##..#.#.#...###5#.


You could see a spectral eight-headed hydra, a spectral seven-headed hydra, a
spectral cane toad and a death scarab.

Vanquished Creatures
  2 two-headed ogres (D:8)
  Pikel (D:9)
  2 cyclopes
  3 centaur zombies
  2 unseen horrors
  2 trolls (D:10)
  4 flying skulls (Gauntlet)
  A shadow (D:6)
  5 yaks (D:9)
  A wraith (D:9)
  A basilisk (D:7)
  A steam dragon (D:9)
  A warg (D:8)
  3 acid dragons (D:7)
  2 water moccasins
  4 orc warriors
  A hornet zombie (D:9)
  2 ice beasts (D:7)
  A sky beast (D:7)
  3 necrophages
  4 ogres
  2 centaurs
  A phantom (D:6)
  5 lemures (D:9)
  2 kobold brigands
  8 bullfrogs
  2 wyvern zombies
  3 gnoll sergeants
  A scorpion (D:7)
  2 water moccasin zombies (D:7)
  A water moccasin skeleton (D:6)
  5 howler monkeys (D:7)
  5 hounds
  3 jellies
  8 orc priests
  Crazy Yiuf (D:2)
  A bullfrog skeleton (D:5)
  2 gnoll shamans
  3 centaur skeletons (D:7)
  3 iguanas
  13 orc wizards
  A killer bee zombie (D:7)
  2 howler monkey zombies
  6 adders
  21 gnolls
  A shadow imp (D:8)
  3 white imps (D:7)
  A worm (D:4)
  6 dart slugs
  31 orcs
  4 ball pythons
  5 endoplasms
  2 giant cockroaches
  8 hobgoblins
  7 jackals
  6 quokkas
  5 bats
  A frilled lizard (D:2)
  4 goblins
  14 kobolds
  5 rats
250 creatures vanquished.

Vanquished Creatures (collateral kills)
  A two-headed ogre (D:10)
  A vampire mosquito (D:6)
  2 wargs (D:8)
  An ice beast (D:6)
  A bullfrog (D:6)
  A gnoll (D:5)
  An orc (D:6)
  An endoplasm (D:1)
  A jackal (D:1)
10 creatures vanquished.

Vanquished Creatures (others)
  2 orc wizards
2 creatures vanquished.

Grand Total: 262 creatures vanquished

Notes
Turn   | Place    | Note
-------+----------+-------------------------------------------
     0 | D:1      | olmar the Djinni Venom Mage began the quest for the Orb.
     0 | D:1      | Reached XP level 1. HP: 15/15 MP: 0/0
   205 | D:1      | Reached XP level 2. HP: 21/21 MP: 0/0
   564 | D:2      | Reached XP level 3. HP: 18/25 MP: 0/0
   564 | D:2      | Learned a level 1 spell: Summon Small Mammal
  1519 | D:2      | Reached XP level 4. HP: 29/31 MP: 0/0
  2149 | D:2      | Found a runed translucent door.
  2150 | D:2      | Noticed Crazy Yiuf
  2626 | D:2      | Killed Crazy Yiuf
  2778 | D:3      | Reached XP level 5. HP: 35/35 MP: 0/0
  2778 | D:3      | Learned a level 2 spell: Corpse Rot
  3045 | D:3      | Found a hazy altar of Hepliaklqana.
  3049 | D:3      | Found a basalt altar of Yredelemnul.
  3054 | D:3      | Found an iron altar of Okawaru.
  3267 | D:3      | Found Munotaok's Magic Scroll Emporium.
  3272 | D:3      | Bought a scroll of teleportation for 39 gold pieces
  3358 | D:3      | Reached XP level 6. HP: 28/41 MP: 0/0
  3360 | D:3      | Reached skill level 1 in Staves
  3686 | D:3      | Found a faded altar of an unknown god.
  3840 | D:4      | Reached skill level 1 in Fighting
  4064 | D:4      | Reached skill level 2 in Staves
  4390 | D:5      | Entered Level 5 of the Dungeon
  4401 | D:5      | Reached XP level 7. HP: 47/47 MP: 0/0
  4401 | D:5      | Learned a level 2 spell: Call Imp
  4446 | D:5      | Reached skill level 3 in Staves
  4520 | D:5      | Found a staircase to the Ecumenical Temple.
  4735 | D:5      | Reached skill level 1 in Armour
  4768 | Temple   | Entered the Ecumenical Temple
  4945 | Temple   | Became a worshipper of Ashenzari the Shackled
  4973 | D:5      | Reached skill level 4 in Staves
  4973 | D:5      | Reached XP level 8. HP: 43/54 MP: 0/0
  5235 | D:5      | Found a stormy altar of Qazlal.
  5978 | D:6      | Reached skill level 5 in Staves
  6185 | D:6      | Noticed a shadow
  6210 | D:6      | Killed a shadow
  6211 | D:6      | Reached skill level 5 in Dodging
  6211 | D:6      | Reached XP level 9. HP: 52/61 MP: 0/0
  6211 | D:6      | Learned a level 3 spell: Teleport Other
  6220 | D:6      | Reached skill level 6 in Staves
  6843 | D:6      | Identified the +0 robe of Yprakh {Harm rN+}
  7145 | D:7      | Noticed a cyclops
  7389 | D:6      | Reached skill level 5 in Spellcasting
  7561 | D:7      | Killed a cyclops
  7562 | D:7      | Reached skill level 7 in Staves
  8019 | D:6      | Reached XP level 10. HP: 43/68 MP: 0/0
  8247 | D:6      | Upgraded the game from 0.28-a0-390-gb254ac4902 to
                  | 0.28-a0-401-ge240ad9e29
  8256 | D:7      | Killed an unseen horror
  8917 | D:7      | Reached skill level 8 in Staves
  9379 | D:7      | Identified the +2 leather armour of Card Tricks {Contam
                  | MP+9 Stlth+}
 10023 | D:7      | Reached skill level 5 in Fighting
 10246 | D:7      | Reached * piety under Ashenzari
 10914 | D:8      | Reached XP level 11. HP: 32/76 MP: 0/0
 10914 | D:8      | Learned a level 5 spell: Blade Hands
 11136 | D:8      | Found a staircase to the Lair.
 11186 | D:8      | Noticed a two-headed ogre
 11471 | D:8      | Killed a two-headed ogre
 11472 | D:8      | Reached skill level 9 in Staves
 11706 | D:8      | Noticed a two-headed ogre
 11745 | D:8      | Killed a two-headed ogre
 11995 | D:8      | Reached ** piety under Ashenzari
 11997 | D:8      | Gained mutation: Your spells are a little easier to cast,
                  | but a little less powerful. [mutagenic glow]
 12357 | D:9      | Found Cirer's General Store.
 12430 | D:9      | Noticed Pikel
 12440 | D:9      | Killed Pikel
 12950 | D:9      | Found Inkof's Antique Weapon Emporium.
 12959 | D:9      | Found an opulent altar of Gozag.
 13087 | D:9      | Identified the Catalogue of the Arsonist
 13397 | D:10     | Entered Level 10 of the Dungeon
 13772 | D:10     | Reached *** piety under Ashenzari
 13799 | D:10     | Noticed a cyclops
 13819 | D:10     | Killed a cyclops
 13968 | D:10     | Noticed a two-headed ogre
 13983 | D:10     | Killed a two-headed ogre
 13984 | D:10     | Reached skill level 10 in Staves
 13984 | D:10     | Reached XP level 12. HP: 24/86 MP: 0/0
 14526 | D:11     | Found an opulent altar of Gozag.
 14635 | D:11     | Found a gate leading to a gauntlet.
 14644 | Gauntlet | Entered a Gauntlet
 14644 | Gauntlet | Found a transporter.
 14644 | Gauntlet | Found a transporter.
 14647 | Gauntlet | Found a transporter.
 14647 | Gauntlet | Found a transporter.
 14651 | Gauntlet | Found a transporter.
 14651 | Gauntlet | Found a transporter.
 14679 | Gauntlet | Noticed a death scarab
 14684 | Gauntlet | Found a transporter.
 14688 | Gauntlet | Found a transporter.
 14692 | Gauntlet | Noticed a death scarab
 14692 | Gauntlet | Noticed a death scarab
 14696 | Gauntlet | Found a transporter.
 14696 | Gauntlet | Identified the amulet of Hokhlang {Spirit Int+6}
 14710 | Gauntlet | Identified the +5 pair of boots "Viucsoqe" {rC+ Int-5
                  | Slay+3 Stlth+}
 14712 | Gauntlet | Found a transporter.
 14726 | Gauntlet | Found a transporter.
 14730 | Gauntlet | Found a transporter.
 14738 | Gauntlet | Noticed a soul eater
 15187 | Gauntlet | Slain by a death scarab

Illustrated notes

Levels and vault maps discovered:
D:1:      dpeg_arrival_triangle_fractal, layout_loops_ring
D:2:      layout_basic, uniq_crazy_yiuf_cottage
D:3:      layout_basic, grunt_temple_overflow_diamond,
          chequers_ecumenical_altar_grove, serial_shops, shop, minmay_quantized
D:4:      layout_rooms, hangedman_decor_push
D:5:      layout_rooms, gammafunk_temple_overflow_statue, temple_fountains
D:6:      layout_basic
D:7:      minmay_the_grid_octo_tiled_octocenter
          [minmay_the_grid_octo_checkerflower, minmay_the_grid_octo_fat_diamond,
          minmay_the_grid_octo_odd_swirl, minmay_the_grid_octo_tetromino_candy,
          minmay_the_grid_octo_prize_star,
          minmay_the_grid_square_5x5_pentomino_r,
          minmay_the_grid_square_5x5_checkered_sparse,
          minmay_the_grid_square_5x5_moneybag, minmay_the_grid_square_5x5_tie],
          layout_loops_cross
D:8:      layout_loops_cross, erik_lair_orcish_takeover
D:9:      layout_rooms, mainiacjoe_overflow_catwalk, serial_shops, shop,
          shop_fountains, uniq_pikel
D:10:     layout_roguey
D:11:     layout_basic, david_orc_5, gauntlet_entry_generic,
          nicolae_gozag_cash_rules_everything_around_me
Temple:   regret_index_temple_sphere_string
Gauntlet: minmay_gauntlet_77_indecision [minmay_gauntlet_arena_77_fan,
          minmay_gauntlet_arena_77_block_sizes, minmay_gauntlet_arena_77_box,
          minmay_gauntlet_arena_77_two_lines,
          minmay_gauntlet_arena_77_double_cross,
          minmay_gauntlet_arena_77_hold_the_fort, gauntlet_exit_hidden_loot]

Skill      XL: |  1  2  3  4  5  6  7  8  9 10 11 12 |
---------------+-------------------------------------+-----
Spellcasting   | 3 4 5 6 7 8 |  8.2
Staves         | 2 4 5 7 8 10 | 10.2
Fighting       | 1 2 3 4 5 6 |  6.4
Dodging        | 3 4 5 6 7 8 |  8.2
Armour         | 1 2 3 4 |  4.9
Axes           | |  0.1
Stealth        | |  1.6
Evocations     | |  0.1

Action                   |  1- 3 |  4- 6 |  7- 9 | 10-12 || total
-------------------------+-------+-------+-------+-------++-------
Melee: Unarmed           |     2 |       |       |       ||     2
       Dagger            |     5 |     9 |       |       ||    14
       Quarterstaff      |       |   111 |   187 |   389 ||   687
       Battleaxe         |       |       |     5 |       ||     5
 Cast: Sting             |    51 |    16 |     8 |    27 ||   102
       Summon Small Mamm |     5 |     3 |     2 |     7 ||    17
       Mephitic Cloud    |       |     3 |     9 |    29 ||    41
       Poisonous Vapours |       |     1 |     4 |    63 ||    68
       Call Imp          |       |       |    13 |    20 ||    33
       Olgreb's Toxic Ra |       |       |       |     7 ||     7
       Blade Hands       |       |       |       |     1 ||     1
Invok: Curse Item        |       |       |     1 |     4 ||     5
Evoke: Wand              |       |       |     2 |    15 ||    17
       Piece from Xom's  |       |       |       |     1 ||     1
  Use: Scroll            |       |     3 |     1 |     1 ||     5
       Potion            |       |     1 |     4 |     5 ||    10
 Stab: Sleeping          |       |     3 |     1 |     2 ||     6
       Invisible         |       |     1 |       |       ||     1
       Confused          |       |     2 |     4 |    23 ||    29
       Petrifying        |       |       |     1 |       ||     1
       Distracted        |       |       |     1 |     2 ||     3
       Paralysed         |       |       |       |     5 ||     5
Armor: Robe              |     7 |    33 |       |       ||    40
       Leather armour    |       |     5 |   100 |   113 ||   218
       Skin              |       |       |    62 |       ||    62
Dodge: Dodged            |    22 |    57 |   113 |   282 ||   474

Table legend: (Time is in decaauts)
 A = Elapsed time spent in this place.
 B = Non-inter-level travel time spent in this place.
 C = Inter-level travel time spent in this place.
 D = Time resting spent in this place.
 E = Time spent auto-exploring this place.
 F = Levels seen in this place.
 G = Mean time per level.
                   A        B        C        D        E       F      G
               +--------+--------+--------+--------+--------+-----+--------+
         Total |  15211 |  14520 |    691 |   6628 |   5525 |  13 | 1170.1 |
       Dungeon |  14483 |  13973 |    510 |   6318 |   5520 |  11 | 1316.6 |
        Temple |    192 |     11 |    181 |      0 |      5 |   1 |  192.0 |
      Gauntlet |    534 |    534 |      0 |    310 |      0 |   1 |  534.0 |
               +--------+--------+--------+--------+--------+-----+--------+

Top non-repeatable levels by time:
     D:6: 3704 daAuts
     D:7: 2170 daAuts
     D:2: 1703 daAuts
     D:8: 1461 daAuts
    D:10: 1082 daAuts
     D:1: 1073 daAuts
     D:3: 1038 daAuts
     D:4: 819 daAuts
     D:9: 744 daAuts
     D:5: 539 daAuts
Gauntlet: 534 daAuts
  Temple: 192 daAuts
    D:11: 145 daAuts
